 Dungeon Crawl Stone Soup version 0.20.1-1-g8b1a95d (webtiles) character file.

11 letownia2 the Grave Robber (level 2, 0/22 HPs)
             Began as a Deep Dwarf Necromancer on Nov 13, 2017.
             Slain by a big kobold (3 damage)
             ... in a sewer.
             The game lasted 00:02:10 (732 turns).

letownia2 the Grave Robber (Deep Dwarf Necromancer)  Turns: 732, Time: 00:02:11

Health: 0/22       AC:  3    Str: 11    XL:     2   Next: 17%
Magic:  0/5        EV: 12    Int: 15    God:
Gold:   27         SH:  0    Dex: 13    Spells: 4/5 levels left

rFire    . . .     SeeInvis .   e - +0 dagger
rCold    . . .     Gourm    .   (no shield)
rNeg     . . .     Faith    .   d - +0 leather armour
rPois    .         Spirit   .   (no helmet)
rElec    .         Reflect  .   (no cloak)
rCorr    .         Harm     .   (no gloves)
MR       .....                  (no boots)
Stlth    ++........             (no amulet)
Regen    0.0/turn               (no ring)
MPRegen  0.1/turn               (no ring)

@: non-regenerating
A: damage resistance, heal wounds, sense surroundings 1, no regeneration
a: Heal Wounds


You were in a sewer.
You were not hungry.

You visited 1 branch of the dungeon, and saw 3 of its levels.
You also visited: Sewer.

You collected 27 gold pieces.

Inventory:

Hand Weapons
 e - a +0 dagger (weapon)
 g - a +1 rapier of electrocution
Armour
 a - a +0 robe
 d - a +0 leather armour (worn)
Scrolls
 f - a scroll of remove curse {unknown}
Potions
 j - a potion of curing {unknown}
Books
 b - a book of Necromancy

   Spells                             Type                      Level
   a - Pain                           Necromancy                   1
   b - Animate Skeleton               Necromancy                   1
   c - Vampiric Draining              Necromancy                   3
   d - Regeneration                   Charms/Necromancy            3
   e - Animate Dead                   Necromancy                   4
   f - Control Undead                 Necromancy                   4
 h - a book of Cantrips

   Spells                             Type                      Level
   a - Confusing Touch                Hexes                        1
   b - Animate Skeleton               Necromancy                   1
   c - Summon Small Mammal            Summoning                    1
   d - Apportation                    Translocation                1
Comestibles
 c - a bread ration


   Skills:
 - Level 2.1 Dodging
 - Level 2.4 Stealth
 + Level 2.2 Spellcasting
 + Level 4.6 Necromancy


You had 4 spell levels left.
You knew the following spells:

 Your Spells              Type           Power        Failure   Level  Hunger
a - Pain                  Necr           ###.         4%          1    #......


Dungeon Overview and Level Annotations

Branches:
Dungeon (3/15)

Altars:


Innate Abilities, Weirdness & Mutations

You are resistant to damage.
You can heal yourself by infusing magical energy.
You passively map a small area around you.
You do not regenerate.


Message History

Casting: Pain
Confirm with . or Enter, or press ? or * to list all spells.
Aiming: Pain
Press: ? - help, Shift-Dir - straight line, f/p - big kobold
Aim: a big kobold (heavily wounded, chance to defeat MR: 73%)
The big kobold writhes in agony!
The big kobold hits you.
* * * LOW HITPOINT WARNING * * *
Unknown command.
Unknown command.
You hit the big kobold but do no damage.
The big kobold is severely wounded.
The big kobold closely misses you.
You hit the big kobold but do no damage.
The big kobold is severely wounded.
The big kobold barely misses you.
Unknown command.
You hit the big kobold but do no damage.
The big kobold is severely wounded.
The big kobold hits you.
You die...

≈ , * #####≈≈ .≈≈≈≈.≈≈≈≈≈
#######.≈≈≈≈** * ,
#.≈≈≈.≈≈≈≈**##.≈.≈.≈≈# ≈ ≈
#≈......# #≈..≈≈≈≈≈# * ###
*##≈≈.≈≈.≈####≈≈(...≈≈###≈≈≈≈K
≈##≈.....≈..##≈≈≈≈####≈(K.≈# ,
≈.≈≈≈≈.≈....≈≈≈≈.## #####≈≈≈≈.
≈..≈....≈≈≈≈..≈≈K## * ###
≈.≈....∩......@≈#
≈≈≈≈≈≈....≈≈(≈≈≈# *
≈...≈..∩..≈.≈≈≈≈#
≈......≈≈≈≈...≈≈#* * *
..≈≈≈.≈≈≈≈≈.≈.≈≈.# * ,
.##≈≈≈..≈..≈##≈≈..# ≈ *
##.≈.≈≈≈.####≈≈.≈. #.≈.≈...#
≈.≈≈≈ * ≈ ≈ ≈


You could see a big kobold.

Vanquished Creatures
  A worm (D:3)
  A leopard gecko (D:3)
  A hobgoblin (D:2)
  2 kobolds (D:1)
  A bat (D:1)
  A frilled lizard (D:2)
  2 rats (D:1)
9 creatures vanquished.

Notes
Turn   | Place    | Note
-------+----------+-------------------------------------------
     0 | D:1      | letownia2 the Deep Dwarf Necromancer began the quest for the Orb.
     0 | D:1      | Reached XP level 1. HP: 15/15 MP: 3/3
   549 | D:3      | Reached XP level 2. HP: 22/22 MP: 0/5
   605 | D:3      | Found a glowing drain.
   676 | Sewer    | Entered a sewer
   692 | Sewer    | Noticed a big kobold
   692 | Sewer    | Noticed a big kobold
   732 | Sewer    | Slain by a big kobold

Skill      XL: |  1 |
---------------+----+-----
Spellcasting   | 2 |  2.2
Dodging        | |  2.1
Stealth        | |  2.4
Necromancy     | |  4.6

Action                   || total
-------------------------++-------
Melee: Dagger            ||    20
 Cast: Pain              ||    26
Armor: Leather armour    ||     1
Dodge: Dodged            ||    17
